 Dungeon Crawl Stone Soup version 0.31-a0-145-g046c7d2549 (webtiles) character file.

Game seed: 13230137386718594064

46 qw the Shooter (level 3, -6/31 HPs)
             Began as a Minotaur Hunter on June 7, 2023.
             Killed by divine providence
             ... invoked by an orc priest
              (12 damage)
             ... on level 3 of the Dungeon.
             The game lasted 00:00:27 (1629 turns).

qw the Shooter (Minotaur Hunter)                    Turns: 1629, Time: 00:00:27

Health: -6/31      AC:  3    Str: 13 (15) XL:     3   Next: 46%
Magic:  2/2        EV: 12    Int:  6      God:
Gold:   88         SH:  0    Dex: 15      Spells: 2/2 levels left

rFire   . . .        Y - +0 shortbow
rCold   . . .        (shield currently unavailable)
rNeg    . . .        c - +0 leather armour
rPois   .            (helmet restricted)
rElec   .            (no cloak)
rCorr   .            (no gloves)
SInv    .            (no boots)
Will    .....        (no amulet)
Stlth   +            (no ring)
HPRegen 0.25/turn    (no ring)
MPRegen 0.08/turn

%: no passive effects
@: no status effects
A: horns 2, retaliatory headbutt
a: no special abilities


You were on level 3 of the Dungeon.
You visited 1 branch of the dungeon, and saw 3 of its levels.

You collected 88 gold pieces.


Innate Abilities, Weirdness & Mutations

You have a pair of horns on your head.
You reflexively headbutt those who attack you in melee.


   Skills:
 - Level 3.4 Fighting
 + Level 5.3 Ranged Weapons
 - Level 2.1 Dodging
 - Level 0.7 Stealth


You had 2 spell levels left.
You didn't know any spells.
Your spell library was empty.

Inventory:

Hand Weapons
 Y - a +0 shortbow (weapon)
Armour
 c - a +0 leather armour (worn)
Scrolls
 a - 3 scrolls of teleportation
Potions
 e - a potion of brilliance {unknown}
 f - a potion of heal wounds

Dungeon Overview and Level Annotations

Branches:
Dungeon (3/15)

Altars:


Message History

You shoot an arrow. The arrow hits the jackal!
You kill the jackal!
Found a whip.
An orc priest and 4 orcs come into view.
Found 4 stones.
The orc shouts!
The orc priest shouts!
The orc shouts! x2
You shoot an arrow. The arrow barely misses the orc.
The orc priest calls down the wrath of Beogh upon you.
Beogh smites you! The orc barely misses you.
You shoot an arrow. The arrow hits the orc.
The orc is heavily wounded.
The orc hits you with a +0 war axe. The orc closely misses you.
You shoot an arrow.
The arrow hits the orc but does no damage.
The orc is heavily wounded.
You shoot an arrow.
The arrow hits the orc but does no damage.
You shoot an arrow.
The arrow hits the orc but does no damage.
The orc hits you with a +0 dagger.
You shoot an arrow.
The arrow hits the orc but does no damage.
The orc priest calls upon Beogh to heal the orc.
The orc's wounds heal themselves!
The orc barely misses you.
You shoot an arrow. The arrow hits the orc.
The orc is almost dead.
You shoot an arrow. The arrow closely misses the orc.
The orc hits you with a +0 dagger. The orc hits you but does no damage.
The orc closely misses you.
You shoot an arrow. The arrow hits the orc!
You kill the orc!
You shoot an arrow.
The arrow closely misses the orc priest.
The orc barely misses you. You furiously retaliate!
You headbutt the orc.
The orc priest hits you with a +0 falchion!
You shoot an arrow. The arrow barely misses the orc.
The orc hits you with a +0 war axe.
The orc priest calls down the wrath of Beogh upon you.
Beogh smites you!
You die...

..%#.#.# #..#.#.#
..#.#(# ..#.#o#
.########.#.#.# .#
........#.#)#o#
.##########.#.#.#o#
.##....(........@o#
.##....####)#.#.#.......
.##...## #.#.#.#.#.####
.##...# #.#.#.#.# #
.##.### #.#.#.#.# ..#.#
....#.#.. #.).###
#####.#.# ##....# #.###
......##


You could see an orc priest and 3 orcs.

Vanquished Creatures
  An adder (D:2)
  A worm (D:2)
  A dart slug (D:2)
  2 orcs (D:3)
  3 ball pythons
  4 endoplasms (D:2)
  3 giant cockroaches (D:2)
  3 goblins
  A hobgoblin (D:2)
  A jackal (D:3)
  3 bats
  4 kobolds
  A rat (D:2)
28 creatures vanquished.

Notes
Turn   | Place    | Note
-------+----------+-------------------------------------------
     0 | D:1      | qw the Minotaur Hunter began the quest for the Orb.
     0 | D:1      | Reached XP level 1. HP: 18/18 MP: 0/0
     0 | D:1      | 0 ||| qw: Version: 0.2-a-117-gc6b5c8b
     0 | D:1      | 0 ||| qw: Game counter: 2520
     0 | D:1      | 0 ||| qw: Always use a shield: true
     0 | D:1      | 0 ||| qw: God list: Okawaru
     0 | D:1      | 0 ||| qw: Allow faded altars: false
     0 | D:1      | 0 ||| qw: Do Orc after D:15 true
     0 | D:1      | 0 ||| qw: Do second Lair branch before Depths: true
     0 | D:1      | 0 ||| qw: Lair rune preference: random
     0 | D:1      | 0 ||| qw: Plans: Normal
     0 | D:1      | 0 ||| PLANNING D:1-11
   617 | D:1      | 617 ||| READING 3 scrolls labelled LITWUR BOGOFE.
   621 | D:1      | 621 ||| DRINKING 2 lumpy purple potions.
   622 | D:1      | 622 ||| DRINKING 2 ruby potions.
   623 | D:1      | 623 ||| DROPPING scroll of butterflies.
   624 | D:1      | 624 ||| DROPPING potion of degeneration.
   769 | D:2      | Reached XP level 2. HP: 18/25 MP: 1/1
   941 | D:2      | Reached skill level 5 in Ranged Weapons
  1140 | D:2      | Reached skill level 3 in Fighting
  1193 | D:2      | Reached XP level 3. HP: 31/31 MP: 2/2
  1545 | D:2      | 1545 ||| READING scroll labelled FAOXOCWEUDA.
  1546 | D:2      | 1546 ||| READING scroll labelled JAGRU ELA YNEGH.
  1629 | D:3      | HP: 6/31 [orc/+0 war axe (6)]
  1629 | D:3      | Killed from afar by an orc priest

Levels and vault maps discovered:
D:1:      eino_arrival_water_star, layout_loops_ring
D:2:      layout_basic, glass_columns_c
D:3:      layout_basic, makhleb_altar_promises_db, doesnt_xom_only_xom,
          dreamdust_ecumenical_altar_sealed_demon, amethyst_killhole

Skill      XL: |  1  2 |
---------------+-------+-----
Ranged Weapons | 5 |  5.3
Fighting       | 3 |  3.4
Dodging        | |  2.1
Stealth        | |  0.7

Action                     || total
---------------------------++-------
   Fire: Shortbow          ||    93
    Use: Potion            ||     2
         Scroll            ||     3
 Armour: Leather armour    ||     6
  Dodge: Dodged            ||    20

Table legend:
 A = Non-vault XP
 B = Vault XP
 C = Vault XP percentage of total XP
 D = Non-vault monster count
 E = Vault monster count
 F = Vault count percentage of total count
                 A         B        C        D         E       F
            +---------+---------+-------+---------+---------+-------
      Total |      67 |       0 |   0.0 |      28 |       0 |   0.0
            +---------+---------+-------+---------+---------+-------
        D:1 |       9 |       0 |   0.0 |       6 |       0 |   0.0
        D:2 |      50 |       0 |   0.0 |      19 |       0 |   0.0
        D:3 |       8 |       0 |   0.0 |       3 |       0 |   0.0
            +---------+---------+-------+---------+---------+-------
